 Dungeon Crawl Stone Soup version 0.18-a0-1044-g2bb894f (webtiles) character file.

420 Kristof the Covered (level 6, 0/53 HPs)
             Began as a Minotaur Fighter on Jan 11, 2016.
             Killed from afar by Dowan (19 damage)
             ... with a shard of ice
             ... on level 4 of the Dungeon.
             The game lasted 00:08:39 (4389 turns).

Kristof the Covered (Minotaur Fighter)              Turns: 4389, Time: 00:08:39

Health: 0/53       AC:  6    Str: 23    XL:     6   Next: 62%
Magic:  8/8        EV:  7    Int:  5    God:
Gold:   91         SH:  9    Dex:  9    Spells: 0 memorised, 9 levels left

rFire  . . .     SeeInvis .     a - +1 war axe
rCold  . . .     Gourm    .     b - +0 scale mail
rNeg   . . .     Faith    .     c - +0 shield
rPois  .         Spirit   .     (helmet restricted)
rElec  .         Dismiss  .     (no cloak)
rCorr  .         Reflect  .     (no gloves)
SustAt .         Harm     .     (no boots)
MR     .....                    (no amulet)
Stlth  ..........               (no ring)
                                (no ring)

@: heavily drained, not resistant to hostile enchantments, extremely unstealthy
A: retaliatory headbutt, horns 2
a: no special abilities


You were on level 4 of the Dungeon.
You were not hungry.

You visited 1 branch of the dungeon, and saw 4 of its levels.

You collected 91 gold pieces.

Inventory:

Hand Weapons
 a - a +1 war axe (weapon)
 m - a +2 mace of holy wrath
Armour
 b - a +0 scale mail (worn)
 c - a +0 shield (worn)
Scrolls
 i - a scroll of enchant weapon
 k - 5 scrolls of remove curse
 n - 2 scrolls of identify {unknown}
 p - a scroll of recharging {unknown}
Potions
 e - a potion of degeneration {unknown}
 g - a potion of heal wounds {unknown}
 j - a potion of flight {unknown}
 l - 3 potions of poison {unknown}
 q - a potion of haste
 t - a potion of cancellation {unknown}
 u - a potion of brilliance {unknown}
Comestibles
 d - a chunk of flesh
 f - 2 bread rations
 h - a meat ration
 o - a royal jelly
 r - a slice of pizza


   Skills:
 + Level 4.6(2.5) Fighting
 * Level 4.2(2.1) Axes
 + Level 4.7(2.6) Armour
 + Level 2.1(0.2) Dodging
 + Level 4.7(2.6) Shields
 * Level 2.3(0.3) Spellcasting


You had 9 spell levels left.
You didn't know any spells.

Dungeon Overview and Level Annotations

Branches:
Dungeon (4/15)
 Temple: D:4-7

Altars:
Elyvilon

Annotations:
D:4 Dowan


Innate Abilities, Weirdness & Mutations

You reflexively headbutt those who attack you in melee.
You have a pair of horns on your head.


Message History

Dowan is lightly wounded.
Dowan gestures at you while chanting. The shard of ice hits you!
Dowan hits you with a dagger.
You barely miss Dowan. Your headbutt misses Dowan.
Dowan is lightly wounded.
Dowan hits you but does no damage. x2
You closely miss Dowan.
Dowan is lightly wounded.
Dowan hits you but does no damage. Dowan casts a spell at you.
The shard of ice hits you!
Your shield and scale mail prevent you from hitting Dowan.
Dowan is lightly wounded.
Dowan mumbles some strange words.
Dowan blinks!
Dowan gestures wildly while chanting.
Dowan blinks!
Dowan points at you and mumbles some strange words.
The shard of ice hits you!
You die...

******,,,,,,,,,,,,,
*********,,,,,********
#,,,,,,,,,,,,,,,...,,,
#.##########**,,...,,,
#.#..#.....# *,....,,,
#....#.#.### *.....,,,
**#....#'#####.....,,,
#...<[...........,,,
#..@.............,,,
#.......[........,,,
#.e.....ยง........,,,
#................,,,
#................,,,
#................,,,
##.#########.....,,,
#.# *#####*** #.#


You could see Dowan.

Vanquished Creatures
  Duvessa (D:4)
  An ogre (D:4)
  Crazy Yiuf (D:2)
  An orc wizard (D:3)
  Terence (D:2)
  A hound skeleton (D:4)
  4 adders
  5 worms
  5 giant geckos
  4 orcs (D:3)
  5 giant cockroaches
  7 goblins
  12 hobgoblins
  8 jackals
  7 kobolds
  2 quokkas
  2 ball pythons
  7 bats
  4 giant newts
  4 rats
82 creatures vanquished.

Notes
Turn   | Place    | Note
--------------------------------------------------------------
     0 | D:1      | Kristof the Minotaur Fighter began the quest for the Orb.
     0 | D:1      | Reached XP level 1. HP: 19/19 MP: 0/0
   296 | D:1      | Reached XP level 2. HP: 27/27 MP: 1/1
  1216 | D:2      | Reached XP level 3. HP: 29/33 MP: 2/2
  1293 | D:2      | Reached skill level 4 in Fighting
  1308 | D:2      | Noticed Terence
  1314 | D:2      | Killed Terence
  1314 | D:2      | Reached skill level 1 in Spellcasting
  1677 | D:2      | Reached XP level 4. HP: 40/40 MP: 4/4
  1731 | D:2      | Reached skill level 1 in Dodging
  1875 | D:2      | Noticed Crazy Yiuf
  1894 | D:2      | Killed Crazy Yiuf
  2691 | D:3      | Reached XP level 5. HP: 40/46 MP: 4/6
  3414 | D:4      | Noticed an ogre
  3424 | D:4      | Killed an ogre
  3424 | D:4      | Reached XP level 6. HP: 38/53 MP: 6/8
  3610 | D:4      | Found a white marble altar of Elyvilon.
  3685 | D:4      | Noticed Dowan
  3686 | D:4      | Noticed Duvessa
  4224 | D:4      | Killed Duvessa
  4389 | D:4      | Killed from afar by Dowan

Vault maps used:
D:1:      saegor_arrival_simple_a, lemuel_flame_loot_1
D:2:      uniq_crazy_yiuf_cottage, uniq_terence
D:3:      minmay_misc_feat_nine_boxes
D:4:      elyvilon_altar_3, uniq_duvessa, uniq_robin

Action                   |  1- 3 |  4- 6 || total
-------------------------+-------+-------++-------
Melee: War axe           |    87 |   139 ||   226
  Use: Potion            |       |     1 ||     1
       Scroll            |       |     7 ||     7
  Eat: Chunk             |     2 |     9 ||    11
